 Dungeon Crawl Stone Soup version 0.27-a0-1334-g2746e35aca (webtiles) character file.

Game seed: 14298866266032130495

8062 senseless the Impaler (level 11, 0/92 HPs)
             Began as a Merfolk Gladiator on June 26, 2021.
             Slain by a centaur warrior (8 damage)
             ... on level 8 of the Dungeon.
             The game lasted 00:28:30 (8715 turns).

senseless the Impaler (Merfolk Gladiator)           Turns: 8715, Time: 00:28:31

Health: 0/92       AC: 17    Str: 16    XL:     11   Next: 25%
Magic:  8/11       EV: 23    Int:  7    God:
Gold:   481        SH:  5    Dex: 23    Spells: 9/10 levels left

rFire    + . .     SeeInvis .   a - +1 trident (protect)
rCold    . . .     Faith    .   (no shield)
rNeg     . . .     Spirit   .   n - +2 robe of Xicomp {rF+ Dex+5}
rPois    .         Reflect  +   c - +2 helmet
rElec    .         Harm     .   h - +1 cloak
rCorr    .         Rampage  .   l - +0 pair of gloves
Will     .....                  (no boots)
Stlth    ++........             y - amulet of reflection
HPRegen  0.25/turn              s - ring of flight
MPRegen  0.12/turn              (no ring)

@: under a protective aura, flying, studying Polearms
A: (nimble swimmer 2), mertail
a: no special abilities


You were on level 8 of the Dungeon.
You visited 1 branch of the dungeon, and saw 8 of its levels.
You also visited: Ossuary.

You collected 505 gold pieces.
You spent 24 gold pieces at shops.

Inventory:

Hand Weapons
 a - a +1 trident of protection (weapon)
 F - a +7 antimagic mace
 G - the +5 quarterstaff "Paefey Feih" {holy, rF+ rC- Will+++}
   (You found it on level 8 of the Dungeon)

   It has been blessed by the Shining One to cause great damage to the undead
   and demons.
   It protects you from fire.
   It makes you vulnerable to cold.
   It greatly increases your willpower.
Missiles
 q - 10 poisoned darts (quivered)
Armour
 b - +0 steam dragon scales
 c - a +2 helmet (worn)
 d - a +2 robe of willpower
 h - a +1 cloak (worn)
 j - a scarf of repulsion
 k - a +2 leather armour of poison resistance
 l - a +0 pair of gloves (worn)
 n - the +2 robe of Xicomp (worn) {rF+ Dex+5}
   (You found it on level 8 of the Dungeon)

   It affects your dexterity (+5).
   It protects you from fire.
Magical Staves
 H - a staff of conjuration
Jewellery
 s - a ring of flight (left hand)
 t - the amulet of Contentment {RegenMP rElec}
   (You found it on level 6 of the Dungeon)

   [amulet of magic regeneration]

   It increases your rate of magic regeneration.
   It insulates you from electricity.
 y - an amulet of reflection (around neck)
Wands
 i - a wand of polymorph (8)
Scrolls
 x - a scroll of enchant armour
 E - a scroll of enchant weapon
Potions
 e - 2 potions of attraction
 f - 3 potions of ambrosia
 g - 3 potions of lignification
 m - 2 potions of cancellation
 o - 4 potions of invisibility
 p - 4 potions of heal wounds
 r - 4 potions of haste
 u - 3 potions of curing
 v - 4 potions of flight
 w - a potion of mutation
 z - a potion of resistance
 A - a potion of degeneration {unknown}
 B - 3 potions of brilliance
 C - a potion of magic {unknown}
 D - a potion of berserk rage {unknown}


   Skills:
 + Level 10.9 Fighting
 + Level 17.7 Polearms
 - Level 2.0 Throwing
 + Level 13.1 Dodging


You had 9 spell levels left.
You knew the following spells:

 Your Spells              Type           Power      Damage    Failure   Level
a - Magic Dart            Conj           0%         1d3       43%         1

Your spell library contained the following spells:

 Spells                   Type           Power      Damage    Failure   Level
 Animate Skeleton         Necr           0%         N/A       43%         1
 Beastly Appendage        Tmut           0%         N/A       43%         1
 Pain                     Necr           0%         1d4       43%         1
 Blink                    Tloc           N/A        N/A       56%         2
 Call Imp                 Summ           0%         N/A       56%         2
 Corpse Rot               Necr/Air       N/A        N/A       56%         2
 Searing Ray              Conj           0%         3d3       56%         2
 Slow                     Hex            0%         N/A       56%         2
 Wereblood                Tmut           0%         N/A       56%         2
 Conjure Flame            Conj/Fire      0%         6-21      80%         3
 Dazzling Flash           Conj/Hex       0%         N/A       80%         3
 Mephitic Cloud           Conj/Pois/Air  0%         N/A       80%         3
 Spider Form              Tmut/Pois      0%         N/A       80%         3
 Stone Arrow              Conj/Erth      0%         3d7       80%         3
 Vampiric Draining        Necr           0%         2d6       80%         3
 Animate Dead             Necr           0%         N/A       99%         4
 Fulminant Prism          Conj/Hex       0%         3d6       99%         4
 Ice Form                 Ice/Tmut       0%         N/A       99%         4
 Iskenderun's Mystic Bla  Conj/Tloc      0%         2d3       99%         4
 Agony                    Necr           0%         N/A       100%        5
 Summon Forest            Summ/Tloc      0%         N/A       100%        5
 Eringya's Noxious Bog    Tmut/Pois      0%         N/A       100%        6
 Summon Hydra             Summ           0%         N/A       100%        7


Dungeon Overview and Level Annotations

Branches:
Dungeon (8/15)             Temple (0/1) D:6         Ossuary (visited)
   Lair: D:8-11

Altars:
Elyvilon
Sif Muna
Uskayaw
Wu Jian

Shops:
D:2 ?   D:6 [


Innate Abilities, Weirdness & Mutations

((You are quick and stealthy near water. (Stealth+, EV+, Speed+++)))
Your lower body shifts to a powerful aquatic tail in water.


Message History

Aim: a two-headed ogre, wielding a +0 giant spiked club and a +0 dire flail of distortion (poisoned, 80% to hit)
You throw a poisoned dart.
The poisoned dart hits the two-headed ogre.
The two-headed ogre looks even sicker.
You block the two-headed ogre's attack.
The two-headed ogre hits you with a +0 dire flail of distortion.
* * * LOW HITPOINT WARNING * * *
Space bends around you.
* * * LOW HITPOINT WARNING * * *
You block the centaur warrior's attack.
The centaur warrior completely misses you.
Your magical contamination has completely faded away.
You hit the two-headed ogre.
Your weapon exudes an aura of protection.
The two-headed ogre is lightly wounded.
The centaur warrior hits you.
* * * LOW HITPOINT WARNING * * *
The centaur warrior barely misses you.
The two-headed ogre completely misses you.
The two-headed ogre hits you with a +0 dire flail of distortion.
* * * LOW HITPOINT WARNING * * *
Space bends around you.
* * * LOW HITPOINT WARNING * * *
You hit the two-headed ogre but do no damage.
The two-headed ogre is lightly wounded.
You block the centaur warrior's attack.
The centaur warrior completely misses you.
Unknown command.
You barely miss the two-headed ogre.
The two-headed ogre is lightly wounded.
The centaur warrior completely misses you.
The centaur warrior closely misses you.
You hit the two-headed ogre.
The two-headed ogre is lightly wounded.
The two-headed ogre misses you. You block the two-headed ogre's attack.
The centaur warrior closely misses you. x2
You completely miss the two-headed ogre.
The two-headed ogre is lightly wounded.
The centaur warrior hits you!
You die...

..## ...## ....## ..
.....## ... ......##
.... #......## #....
#.......## ##.....
##.......# ##c......
##......## ###@)).....
##......####..O.#...##
# ###.....##...### #..
## ##........## .##
###....### ..##
###...### ...###....##
....#...### ........#


You could see a centaur warrior and a two-headed ogre (very poisoned).

Vanquished Creatures
  2 two-headed ogres (D:8)
  A centaur warrior (D:8)
  A deep elf pyromancer (D:8)
  A cyclops (D:8)
  Maggie (D:7)
  A gargoyle (D:8)
  2 trolls (D:8)
  Grinder (D:4)
  2 wyverns
  6 yaks (D:5)
  A vampire mosquito (D:8)
  Edmund (D:4)
  2 water moccasins
  Duvessa (D:6)
  A sky beast (D:7)
  3 black bears
  3 necrophages
  2 orc warriors
  2 centaurs
  2 bullfrogs (D:7)
  A gnoll sergeant (D:7)
  Blork the orc (D:4)
  A wyvern zombie (D:8)
  2 scorpions
  A water moccasin zombie (D:5)
  Dowan (D:6)
  A water moccasin skeleton (D:5)
  3 howler monkeys (D:7)
  4 centaur zombies
  5 hounds
  A bullfrog zombie (D:5)
  2 orc priests
  A centaur skeleton (D:7)
  Jessica (D:2)
  5 orc wizards
  A hound skeleton (D:3)
  8 mummies (Ossuary)
  6 gnolls
  6 adders
  A white imp (D:6)
  An ufetubus (D:7)
  A worm zombie (D:6)
  A worm (D:2)
  13 orcs
  3 endoplasms
  A giant cockroach (D:1)
  A gnoll zombie (Ossuary)
  8 goblins
  4 hobgoblins
  8 jackals
  7 kobolds
  A quokka (D:1)
  4 ball pythons
  5 bats
  3 frilled lizards
  5 hobgoblin zombies (Ossuary)
  2 orc zombies (Ossuary)
  8 rats
164 creatures vanquished.

Vanquished Creatures (others)
  6 fungi (D:8)
  18 plants
24 creatures vanquished.

Grand Total: 188 creatures vanquished

Notes
Turn   | Place    | Note
-------+----------+-------------------------------------------
     0 | D:1      | senseless the Merfolk Gladiator began the quest for the
                  | Orb.
     0 | D:1      | Reached XP level 1. HP: 16/16 MP: 1/1
   180 | D:1      | Reached XP level 2. HP: 23/23 MP: 2/2
   808 | D:2      | Reached XP level 3. HP: 28/28 MP: 3/3
   837 | D:2      | Reached skill level 5 in Polearms
   896 | D:2      | Found a shimmering blue altar of Sif Muna.
  1014 | D:2      | Noticed Jessica
  1019 | D:2      | Killed Jessica
  1024 | D:2      | Found Goyget's Magic Scroll Shop.
  1045 | D:2      | Bought a scroll of identify for 24 gold pieces
  1076 | D:2      | Found a faded altar of an unknown god.
  1230 | D:2      | Reached XP level 4. HP: 35/35 MP: 4/4
  1391 | D:2      | Learned a level 1 spell: Magic Dart
  1441 | D:3      | Reached skill level 5 in Dodging
  1545 | D:3      | Found a hide-covered altar of Uskayaw.
  1573 | D:3      | Found a white marble altar of Elyvilon.
  2174 | D:4      | Reached XP level 5. HP: 41/41 MP: 5/5
  2221 | D:4      | Noticed Blork the orc
  2231 | D:4      | Killed Blork the orc
  2232 | D:4      | Reached skill level 6 in Polearms
  2301 | D:4      | Noticed Edmund
  2313 | D:4      | Killed Edmund
  2314 | D:4      | Reached XP level 6. HP: 16/49 MP: 6/6
  2556 | D:4      | Noticed Grinder
  2594 | D:4      | Paralysed by Grinder for 4 turns
  2599 | D:4      | Killed Grinder
  2600 | D:4      | Reached skill level 5 in Fighting
  2600 | D:4      | Reached skill level 7 in Polearms
  2600 | D:4      | Reached XP level 7. HP: 23/56 MP: 7/7
  3353 | D:5      | Entered Level 5 of the Dungeon
  3503 | D:5      | Identified a scroll of acquirement
  3503 | D:5      | Acquired a manual of Polearms
  3618 | D:5      | Noticed a yak
  3618 | D:5      | Noticed a yak
  3636 | D:5      | Killed a yak
  3637 | D:5      | Reached skill level 8 in Polearms
  3717 | D:5      | Noticed a yak
  3737 | D:5      | Killed a yak
  3738 | D:5      | Reached skill level 9 in Polearms
  3738 | D:5      | Reached XP level 8. HP: 60/64 MP: 8/8
  3761 | D:5      | Noticed a yak
  3779 | D:5      | Noticed a yak
  3780 | D:5      | Noticed a yak
  3783 | D:5      | Killed a yak
  3784 | D:5      | Reached skill level 10 in Polearms
  3799 | D:5      | Killed a yak
  3810 | D:5      | Killed a yak
  3817 | D:5      | Killed a yak
  3818 | D:5      | Reached skill level 11 in Polearms
  4186 | D:5      | Reached skill level 12 in Polearms
  4186 | D:5      | Reached XP level 9. HP: 72/72 MP: 9/9
  4662 | D:6      | Found an ornate altar of the Wu Jian Council.
  4664 | D:6      | Noticed Duvessa
  4668 | D:6      | Noticed Dowan
  4676 | D:6      | Killed Duvessa
  4688 | D:6      | Killed Dowan
  4868 | D:6      | Reached skill level 10 in Dodging
  5017 | D:6      | Reached skill level 13 in Polearms
  5042 | D:6      | Found Acwag's Armour Boutique.
  5046 | D:6      | Identified the amulet of Contentment {RegenMP rElec}
  5065 | D:6      | Found a sand-covered staircase.
  5080 | Ossuary  | Entered an ossuary
  5730 | D:6      | Found a staircase to the Ecumenical Temple.
  6200 | D:7      | Noticed Maggie
  6225 | D:7      | Killed Maggie
  6226 | D:7      | Reached skill level 14 in Polearms
  6489 | D:7      | Reached XP level 10. HP: 83/83 MP: 10/10
  6910 | D:7      | Reached skill level 15 in Polearms
  7132 | D:8      | Noticed a two-headed ogre
  7148 | D:8      | Killed a two-headed ogre
  7670 | D:8      | Reached skill level 16 in Polearms
  7726 | D:8      | Noticed a cyclops
  7727 | D:8      | Noticed a deep elf pyromancer
  7728 | D:8      | Noticed a two-headed ogre
  7734 | D:8      | Identified the +5 quarterstaff "Paefey Feih" {holy, rF+ rC-
                  | Will+++}
  7734 | D:8      | Noticed a centaur warrior
  7768 | D:8      | Killed a deep elf pyromancer
  7769 | D:8      | Reached skill level 10 in Fighting
  7844 | D:8      | Noticed a two-headed ogre
  8087 | D:8      | Killed a cyclops
  8371 | D:8      | Identified the +2 robe of Xicomp {rF+ Dex+5}
  8436 | D:8      | Killed a two-headed ogre
  8437 | D:8      | Reached skill level 17 in Polearms
  8437 | D:8      | Reached XP level 11. HP: 88/92 MP: 11/11
  8449 | D:8      | Killed a centaur warrior
  8695 | D:8      | Noticed a centaur warrior
  8715 | D:8      | Slain by a centaur warrior

Illustrated notes

Levels and vault maps discovered:
D:1:      lightli_arrival_windingriver, layout_loops_ring
D:2:      layout_loops_ring, serial_shops, shop, basic_ecumenical_altar,
          basic_altar, kennysheep_generic_room_9, uniq_jessica
D:3:      layout_basic, overflow_temple_1_default, elyvilon_altar_4,
          dk_vineyard_3, kennysheep_boxes
D:4:      layout_basic, serial_bayou, serial_bayou_shore_b,
          serial_bayou_lagoon_b, serial_bayou_pond_d, serial_bayou_shore_a,
          serial_bayou_pond_a, serial_bayou_crossing, uniq_grinder, uniq_edmund,
          uniq_blork_the_orc
D:5:      layout_loops_ring
D:6:      layout_basic, lemuel_round_altar, temple_green, enter_ossuary_3,
          serial_shops, shop, uniq_duvessa
D:7:      layout_basic, uniq_maggie
D:8:      minmay_the_grid_triangle_9x9_rhombus_thin
          [minmay_the_grid_triangle_9x9_limited_checkers,
          minmay_the_grid_triangle_9x9_prize_schism,
          minmay_the_grid_triangle_9x9_negative_grid,
          minmay_the_grid_triangle_9x9_descending_squares], layout_cave_pods,
          dpeg_oklobed_lair, st_stairs_5, minmay_shattered_shrine, uniq_maurice

Skill      XL: |  1  2  3  4  5  6  7  8  9 10 11 |
---------------+----------------------------------+-----
Polearms       | 5 6 7 9 12 14 17 | 17.7
Fighting       | 3 4 5 6 7 9 10 | 10.9
Dodging        | 5 6 7 9 11 12 13 | 13.1
Throwing       | |  2.0

Action                   |  1- 3 |  4- 6 |  7- 9 | 10-12 || total
-------------------------+-------+-------+-------+-------++-------
Melee: Trident           |    69 |   113 |   356 |   278 ||   816
Throw: Throwing net      |    11 |     2 |       |       ||    13
       Dart              |       |    17 |    26 |    52 ||    95
 Cast: Magic Dart        |       |       |       |     3 ||     3
  Use: Scroll            |       |    12 |    11 |     7 ||    30
       Potion            |       |     1 |       |     1 ||     2
 Stab: Held in net/web   |     5 |       |       |       ||     5
       Sleeping          |     1 |     3 |     1 |       ||     5
Armor: Leather armour    |    18 |    24 |    51 |       ||    93
       Skin              |       |     2 |     1 |       ||     3
       Steam dragon scal |       |       |     3 |    39 ||    42
       Robe              |       |       |       |     3 ||     3
Dodge: Dodged            |    19 |    49 |   203 |   154 ||   425
Block: Other             |       |       |     6 |    48 ||    54
       Reflection        |       |       |       |     5 ||     5

Table legend: (Time is in decaauts)
 A = Elapsed time spent in this place.
 B = Non-inter-level travel time spent in this place.
 C = Inter-level travel time spent in this place.
 D = Time resting spent in this place.
 E = Time spent auto-exploring this place.
 F = Levels seen in this place.
 G = Mean time per level.
                   A        B        C        D        E       F      G
               +--------+--------+--------+--------+--------+-----+--------+
         Total |   8465 |   8350 |    115 |    518 |   6451 |   9 |  940.6 |
       Dungeon |   8191 |   8076 |    115 |    518 |   6258 |   8 | 1023.9 |
       Ossuary |    274 |    274 |      0 |      0 |    193 |   1 |  274.0 |
               +--------+--------+--------+--------+--------+-----+--------+

Top non-repeatable levels by time:
     D:8: 1498 daAuts
     D:5: 1276 daAuts
     D:4: 1169 daAuts
     D:6: 1118 daAuts
     D:7: 971 daAuts
     D:1: 800 daAuts
     D:3: 738 daAuts
     D:2: 616 daAuts
 Ossuary: 274 daAuts
